redneck, neutral male human Monk ----- ################|...| ------------ #------ #|.(..######|..........|#################### #|.*...#########|...| ##-...........# ------ #|....| #----- # |..........| |.<..| #|....| ####%#####q@......1.....#####.....| ----- #|....| # |..........| |....| |??.| #|....| ### -.-.--.----- |....| |??.| #|....| # % # ## ------########### |??.-#####------ ### ####################### -----%- |??.| # # # |.....| |?%.| ### ################ |.....| |??.| # # ---|-- |.....| ----- # #%# --|----- |..%.| |.....| ---|---- # |..>...| |....| |.....| |......-### |......| |....| ------- |......| |......| ------ |......| |......| -------- -------- redneck the Initiate Experience level: 8 Strength: 18 Dexterity: 14 Constitution: 13 Intelligence: 11 Wisdom: 15 Charisma: 10 Health: 0(63) Energy: 54(55) AC: 0 Gold: 1729 Moves: 6266 Your Inventory: Coins $ - 1729 gold pieces Amulets i - an uncursed concave amulet [of reflection] s - a blessed warped amulet [versus poison] Weapons m - a blessed [+1] trident [of frost and telepathy] n - an uncursed corroded [+0] crude dagger [orcish] v - 5 [blessed +1] darts y - 8 [uncursed +0] runed arrows [elven] (in quiver) z - an [uncursed +0] runed bow [elven] (alternate weapon; not wielded) B - 4 uncursed [+0] runed daggers [elven] Armor a - a blessed +5 pair of leather gloves (being worn) b - an uncursed +1 robe (being worn) l - an uncursed +0 pair of hiking boots [kicking] (being worn) D - an [uncursed +0] pair of mud boots [elven] J - an [uncursed +0] pair of iron shoes Scrolls d - an [uncursed] scroll labeled HAPAX LEGOMENON [of light] h - a blessed scroll labeled SODALG [of identify] k - a cursed scroll labeled SODALG [of identify] x - 2 uncursed unlabeled scrolls [of blank paper] Spellbooks c - a blessed spellbook of healing o - an uncursed spellbook of cause fear p - an uncursed spellbook of invisibility G - an uncursed spellbook of force bolt M - an uncursed spellbook of healing Q - an [uncursed] spellbook of slow monster Potions e - an uncursed potion of healing f - a blessed potion of healing j - an [uncursed] golden potion [of paralysis] t - an [uncursed] potion of sickness w - a [blessed] orange potion [of levitation] H - an uncursed potion of oil Rings q - a cursed [-2] glass ring [of gain wisdom] C - an uncursed ruby ring [of stealth] P - an uncursed chrysoberyl ring [of free action] U - a cursed wedding ring [of regeneration] Wands u - an [uncursed] crystal wand [of polymorph (0:8)] A - an uncursed bent wand [of make invisible (0:6)] E - a cursed porcelain wand [of create monster (0:13)] K - an [uncursed] jeweled wand [of striking (0:6)] Tools r - an uncursed lock pick F - an uncursed [tallow] candle W - an uncursed corroded [+0] pick-axe Gems I - 2 [uncursed] green gems [worthless glass] O - an uncursed green gem [jade] X - an uncursed black gem [worthless glass] Y - an uncursed blue gem [fluorite] Spells known in the end: Name Level Category Fail Memory a - healing 1 healing 0% [||||||..] b - cause fear 3 enchantment 86% [||||||||] c - invisibility 4 escape 90% [||||||||] d - force bolt 1 attack 0% [||||||||] e - slow monster 2 enchantment 32% [||||||||] Your skills at the end: Fighting Skills martial arts [Basic / Grand Master] Weapon Skills Spellcasting Skills healing spells [Basic / Expert] Final Attributes: You were piously aligned. Hunger level was 452. Your alignment was 41 / 41. Monster difficulty range was 1 - 7. Level difficulty was 7. You were immune to sleep. You were immune to poison. You saw invisible. You were telepathic. You were warned. You were stealthy. You were fast. Your luck was zero. You are dead. Vanquished creatures: a large mimic a lynx a leprechaun a yeti a lizard a gnome mummy 2 water moccasins an ape 3 Woodland-elves 3 rock piercers 2 enormous rats a fog cloud a shrieker a gnome lord a kobold mummy a gray ooze an elf zombie a straw golem a paper golem 2 floating eyes a kitten 2 dwarves 3 kobold lords 2 hill orcs a rothe 2 giant bats 4 orc zombies a wererat a werejackal 3 iguanas an acid blob 2 hobbits a large kobold 2 giant rats a cave spider a yellow mold 2 green molds 2 gnomes 5 garter snakes 5 geckos 13 jackals a fox 2 kobolds 2 goblins 4 sewer rats 5 grid bugs 3 lichens 2 kobold zombies 4 newts 105 creatures vanquished. Voluntary challenges: You pretended to be a vegetarian. You used a wielded weapon 58 times. You read items or engraved 13 times. You put on armor 3 times. You never genocided any monsters. You never polymorphed an object. You never changed form. You used no wishes. You never wrote Elbereth's name. You never encountered a bones level. You never used any Sokoban shortcuts. Dungeon overview: The Dungeons of Doom: levels 1 to 7 Level 1 a long staircase Level 2 an altar, a fountain Level 3 a fountain a long staircase Level 4 an altar to Chih Sung-tzu, some fountains Level 5 an altar to Chih Sung-tzu, some fountains, a sink Level 6 some fountains Level 7 <- You were here a scroll shop History has recorded: On T:1 you entered the Dungeons of Doom to retrieve the Amulet of Yendor! On T:494 you reached level 2 of The Dungeons of Doom. On T:633 you advanced to experience level 2. On T:715 you advanced to experience level 3. On T:947 you advanced to experience level 4. On T:1208 you reached level 3 of The Dungeons of Doom. On T:1560 you reached level 4 of The Dungeons of Doom. On T:1774 you advanced to experience level 5. On T:2291 you advanced to experience level 6. On T:3933 you advanced to experience level 7. On T:4204 you reached level 5 of The Dungeons of Doom. On T:4680 you reached level 6 of The Dungeons of Doom. On T:5401 you reached level 7 of The Dungeons of Doom. On T:5849 you advanced to experience level 8. Latest messages: The gray ooze trembles from your powerful strike! [HP+1=53] You kill the gray ooze! You see here a gray ooze corpse. You can't eat that! You have a very bad case of stomach acid. This gray ooze corpse tastes terrible! [HP-9=44] [HP+1=45] [HP+1=46] You finish eating the gray ooze corpse. [10 turns] [HP+1=47] The mumak butts! The mumak bites! [HP-37=10] You miss the mumak. The mumak butts! You die... Final status: Punardarsanaya redneck the Monk... You died in The Dungeons of Doom on dungeon level 7 with 3925 points, and 1729 pieces of gold, after 6266 moves. You were level 8 with a maximum of 63 hit points when you died.